 Dungeon Crawl Stone Soup version 0.25.1-2-g60ff931df9 (webtiles) character file.

Game seed: 9128555428747235593

1365 NightCrawler43 the Covered (level 8, -2/61 HPs)
             Began as a Human Wanderer on Aug 30, 2020.
             Was an Initiate of Gozag.
             Slain by an orc priest
             ... wielding a +0 short sword
              (4 damage)
             ... on level 6 of the Dungeon.
             The game lasted 00:10:23 (5636 turns).

NightCrawler43 the Covered (Human Wanderer)         Turns: 5636, Time: 00:10:24

Health: -2/61      AC: 15    Str: 18    XL:     8   Next: 97%
Magic:  20/20      EV:  9    Int: 11    God:    Gozag
Gold:   499        SH:  5    Dex: 15    Spells: 11/11 levels left

rFire    . . .     SeeInvis .   E - +7 trident of the Saviour {vorpal, rC+ MP+9 Str+4 Stlth-}
rCold    + . .     Gourm    .   p - +0 buckler
rNeg     . . .     Faith    .   b - +2 scale mail
rPois    .         Spirit   .   B - +0 helmet
rElec    .         Reflect  .   (no cloak)
rCorr    .         Harm     .   (no gloves)
MR       .....                  (no boots)
Stlth    ..........             (no amulet)
HPRegen  0.20/turn              x - +4 ring of protection
MPRegen  0.17/turn              (no ring)

@: invisible
A: no striking features
a: Potion Petition, Call Merchant, Bribe Branch, Renounce Religion


You were on level 6 of the Dungeon.
You worshipped Gozag.
Gozag was aware of your devotion.
You were hungry.

You visited 1 branch of the dungeon, and saw 6 of its levels.

You collected 564 gold pieces.
You paid 65 gold pieces to Gozag.

Inventory:

Hand Weapons
 a - a +0 hand crossbow
 f - a +2 spear of venom
 g - a +0 war axe
 E - the +7 trident of the Saviour (weapon) {vorpal, rC+ MP+9 Str+4 Stlth-}
   (You found it on level 5 of the Dungeon)

   It inflicts extra damage upon your enemies.
   It affects your strength (+4).
   It protects you from cold.
   It affects your magic capacity (+9).
   It makes you less stealthy.
Missiles
 c - 52 bolts
 d - 40 poisoned darts (quivered)
Armour
 b - a +2 scale mail (worn)
 p - a +0 buckler (worn)
 w - a +0 chain mail
 B - a +0 helmet (worn)
Jewellery
 x - a +4 ring of protection (left hand)
 D - an uncursed amulet of regeneration {unknown}
Scrolls
 e - a scroll of holy word {unknown}
 i - a scroll of remove curse {unknown}
 j - 7 scrolls of identify {unknown}
 l - 3 scrolls of blinking {unknown}
 m - 2 scrolls of magic mapping {unknown}
 n - 2 scrolls of teleportation {unknown}
 o - a scroll of enchant armour {unknown}
 q - 2 scrolls of amnesia {unknown}
 s - a scroll of fear {unknown}
 v - a scroll of fog {unknown}
 y - 2 scrolls of enchant weapon {unknown}
 C - a scroll of immolation {unknown}
Potions
 h - a potion of resistance
 k - a potion of mutation {unknown}
 r - a potion of lignification {unknown}
 z - a potion of flight {unknown}
 A - a potion of haste


   Skills:
 + Level 4.4 Fighting
 * Level 6.0 Crossbows
 - Level 2.0 Throwing
 * Level 7.4 Armour
 * Level 2.7 Shields
 - Level 2.0 Spellcasting
   Level 1.0 Poison Magic


You had 11 spell levels left.
You didn't know any spells.
Your spell library was empty.

Dungeon Overview and Level Annotations

Branches:
Dungeon (6/15)
 Temple: D:4-7

Altars:
Gozag
Yredelemnul

Shops:
D:6 =

Annotations:
D:5 3 runed translucent doors


Message History

* * * LOW HITPOINT WARNING * * *
The orc throws a boomerang.
You block the boomerang.
The weapon returns to the orc!
Something hits you but does no damage. The jelly completely misses you.
The leopard gecko bites you but does no damage.
The orc priest looks braver for a moment.
Unknown command.
You feel better. You block the leopard gecko's attack. Something hits you.
* * * LOW HITPOINT WARNING * * *
The jelly hits you but does no damage.
The orc priest invokes the aid of Beogh against you.
Beogh smites you!
* * * LOW HITPOINT WARNING * * *
Unknown command.
You fade into invisibility!
The leopard gecko closely misses you. Something hits you but does no damage.
The jelly closely misses you.
The orc priest hits you with a +0 short sword.
You die...
Your body crumbles into a pile of gold.

... ..... .......#
..... #.#.#
#####...#####
.)#....##.#.#
#....).)[))..
............#
#.###..)#####
.....>.#...# #.#
#...#####
###.........# #.#
#........
............# #.#
#.#.####.
#.#.......oJ#
#.##.......#
......(..o{@#
#.##.#..##o#
....#..#$l##
#.##.#..# .. .
#..#$.# #.##.#...
. .##.#..#..#
#.##.#.##
.......$...# #.#
#.
..#....$##.#####.#
..$
....#...##.......#
#.#....###########
#......


You could see a jelly, an orc priest, an orc and a leopard gecko.

Vanquished Creatures
  An orc warrior (D:6)
  An ogre (D:4)
  Blork the orc (D:4)
  A gnoll sergeant (D:4)
  2 scorpions (D:6)
  2 gnoll shamans (D:4)
  3 hounds
  3 orc priests
  An iguana (D:4)
  2 orc wizards (D:6)
  2 worker ants
  A hound skeleton (D:4)
  41 gnolls
  3 adders
  2 oozes
  2 adder skeletons (D:4)
  2 worms (D:2)
  4 dart slugs
  7 leopard geckos
  14 orcs
  3 ball pythons
  5 giant cockroaches
  5 goblins
  8 hobgoblins
  14 jackals (D:4)
  7 kobolds
  5 quokkas
  A ball python zombie (D:5)
  9 bats
  5 frilled lizards
  A leopard gecko zombie (D:5)
  10 rats
168 creatures vanquished.

Notes
Turn   | Place    | Note
-------+----------+-------------------------------------------
     0 | D:1      | NightCrawler43 the Human Wanderer began the quest for the
                  | Orb.
     0 | D:1      | NightCrawler43 set off with the following items: a +0 hand
                  | crossbow, a +2 scale mail, 27 bolts, 11 poisoned darts, a
                  | +0 dagger, a ration
     0 | D:1      | Reached XP level 1. HP: 15/15 MP: 3/3
   149 | D:1      | Reached XP level 2. HP: 21/21 MP: 5/5
   178 | D:1      | Reached skill level 1 in Crossbows
   303 | D:1      | Reached XP level 3. HP: 21/26 MP: 6/6
   865 | D:2      | Reached XP level 4. HP: 33/33 MP: 7/7
  1148 | D:2      | Found a basalt altar of Yredelemnul.
  1785 | D:3      | Found a faded altar of an unknown god.
  1959 | D:3      | Reached XP level 5. HP: 38/38 MP: 8/8
  2312 | D:3      | Reached skill level 5 in Armour
  2448 | D:4      | Noticed an ogre
  2453 | D:4      | Killed an ogre
  2453 | D:4      | Reached XP level 6. HP: 41/46 MP: 9/9
  2454 | D:4      | Noticed Blork the orc
  2465 | D:4      | Killed Blork the orc
  2717 | D:3      | Reached XP level 7. HP: 25/51 MP: 10/10
  3222 | D:4      | Found an opulent altar of Gozag.
  3260 | D:4      | Became a worshipper of Gozag Ym Sagoz the Greedy
  3358 | D:4      | Reached skill level 6 in Armour
  4104 | D:4      | Reached skill level 5 in Crossbows
  4104 | D:4      | Reached XP level 8. HP: 59/59 MP: 11/11
  4595 | D:4      | Reached skill level 1 in Shields
  4871 | D:5      | Entered Level 5 of the Dungeon
  4913 | D:5      | Found a runed translucent gate.
  4913 | D:5      | Found a runed translucent gate.
  4913 | D:5      | Found a runed translucent gate.
  4933 | D:5      | Got a twisted trident
  4934 | D:5      | Identified the +7 trident of the Saviour {vorpal, rC+ MP+9
                  | Str+4 Stlth-} (You found it on level 5 of the Dungeon)
  5030 | D:5      | Reached skill level 7 in Armour
  5143 | D:6      | Found Feptir's Jewellery Boutique.
  5635 | D:6      | HP: 2/61 [orc priest/divine providence (14)]
  5636 | D:6      | Slain by an orc priest

Illustrated notes

Levels and vault maps discovered:
D:1:      dpeg_arrival_tiny_g, layout_basic, serial_glass, glass_columns_a,
          glass_columns_a, corexii_leaking_fountain
D:2:      layout_basic, palyth_stone_intersect, yredelemnul_altar_generic
D:3:      layout_basic, chequers_ecumenical_altar_simple_redux
D:4:      lemuel_castle_with_subvaults [lemuel_castle_interior_carwin_1],
          layout_basic, grunt_gozag_breadcrumbs, uniq_blork_the_orc
D:5:      layout_basic, first_ration, ebering_ghost_rock_garden, serial_shops,
          nicolae_shop_overgrown_old_shop, minmay_misc_feat_square
D:6:      layout_loops_ring, serial_shops, kennysheep_mini

Skill      XL: |  1  2  3  4  5  6  7  8 |
---------------+-------------------------+-----
Crossbows      | 1 2 3 5 6 |  6.0
Fighting       | 2 3 4 |  4.4
Armour         | 5 6 7 |  7.4
Shields        | 2 |  2.7
Throwing       | |  2.0
Spellcasting   | |  2.0
Poison Magic   | |  1.0

Action                   |  1- 3 |  4- 6 |  7- 9 || total
-------------------------+-------+-------+-------++-------
Melee: War axe           |       |    34 |   105 ||   139
       Spear             |       |       |    68 ||    68
       Trident           |       |       |    68 ||    68
 Fire: Hand crossbow     |    76 |   177 |    86 ||   339
  Use: Potion            |       |       |     6 ||     6
 Stab: Invisible         |       |       |     2 ||     2
  Eat: Chunk             |       |     5 |     3 ||     8
       Ration            |       |       |     2 ||     2
Armor: Scale mail        |     6 |   130 |   202 ||   338
Dodge: Dodged            |    11 |    97 |   142 ||   250
Block: Buckler           |       |       |    27 ||    27
